 Dungeon Crawl Stone Soup version 0.20.0-15-g7f486f2 (webtiles) character file.

9 renl the Charmwright (level 2, 0/24 HPs)
             Began as a Draconian Skald on June 22, 2017.
             Slain by a leopard gecko (3 damage)
             ... on level 1 of the Dungeon.
             The game lasted 00:01:28 (442 turns).

renl the Charmwright (Draconian Skald)               Turns: 442, Time: 00:01:29

Health: 0/24       AC:  4    Str: 13    XL:     2   Next: 3%
Magic:  5/5        EV:  9    Int: 13    God:
Gold:   0          SH:  6    Dex: 10    Spells: 2/5 levels left

rFire    . . .     SeeInvis .   a - +0 mace
rCold    . . .     Gourm    .   f - +0 shield
rNeg     . . .     Faith    .   (armour unavailable)
rPois    .         Spirit   .   (helmet restricted)
rElec    .         Reflect  .   (no cloak)
rCorr    .         Harm     .   (no gloves)
MR       .....                  (no boots)
Stlth    +.........             (no amulet)
Regen    0.1/turn               d - -5 ring of slaying (curse)
MPRegen  0.1/turn               (no ring)

@: no status effects
A: unfitting armour, cold-blooded, AC +4
a: no special abilities


You were on level 1 of the Dungeon.
You were not hungry.

You visited 1 branch of the dungeon, and saw 1 of its levels.

Inventory:

Hand Weapons
 a - a +0 mace (weapon)
Armour
 f - a +0 shield (worn)
Jewellery
 d - a cursed -5 ring of slaying (left hand)
Scrolls
 e - a scroll of random uselessness {unknown}
 g - a scroll of remove curse {unknown}
 j - a scroll of amnesia {unknown}
Potions
 i - a potion of cancellation {unknown}
Books
 b - a book of Battle

   Spells                             Type                      Level
   a - Infusion                       Charms                       1
   b - Shroud of Golubria             Charms/Translocation         2
   c - Song of Slaying                Charms                       2
   d - Spectral Weapon                Hexes/Charms                 3
   e - Regeneration                   Charms/Necromancy            3
Comestibles
 c - a bread ration
 h - a royal jelly


   Skills:
 * Level 2.2 Fighting
 * Level 2.1 Maces & Flails
 + Level 2.1 Dodging
 + Level 2.1 Spellcasting
 * Level 3.0 Charms


You had 2 spell levels left.
You knew the following spells:

 Your Spells              Type           Power        Failure   Level  Hunger
a - Infusion              Chrm           #...         45%         1    ##.....
b - Shroud of Golubria    Chrm/Tloc      #.........   82%         2    ###....


Dungeon Overview and Level Annotations

Branches:
Dungeon (1/15)

Altars:


Innate Abilities, Weirdness & Mutations

Your plain brown scales are hard. (AC +4)
You cannot fit into any form of body armour.
You are cold-blooded and may be slowed by cold attacks.


Message History

The leopard gecko is lightly wounded.
You block the leopard gecko's attack.
You miss the leopard gecko.
The leopard gecko is lightly wounded.
The leopard gecko bites you.
* * * LOW HITPOINT WARNING * * *
You block the leopard gecko's attack.
You miss the leopard gecko.
The leopard gecko is lightly wounded.
The leopard gecko bites you.
* * * LOW HITPOINT WARNING * * *
The leopard gecko bites you but does no damage.
You hit the leopard gecko but do no damage.
Your tail-slap misses the leopard gecko.
The leopard gecko is lightly wounded.
You block the leopard gecko's attack.
You barely miss the leopard gecko.
The leopard gecko is lightly wounded.
You block the leopard gecko's attack. The leopard gecko bites you.
You die...

####'########## . #.#
##. #.#### ########
#.. #....# ..).....
## #.# ####.#
........ #.>... #.#
##### ########.
#.##.# #.# #.[.. #
#.####.##l# #.# #.###
# ....#...#@# #.# #.#
# #.......# #.###.# #
#.......# #.....# # #
#......## #.######
####.#.....#...##
##.###.... ..........
###.# ##......###
..[..## .
#.########..........
.......
#.##.....)..........
#######
##.##.#####.......#..


You could see a leopard gecko.

Vanquished Creatures
  A goblin (D:1)
  A hobgoblin (D:1)
  3 jackals (D:1)
  A frilled lizard (D:1)
  A kobold (D:1)
  A rat (D:1)
8 creatures vanquished.

Notes
Turn   | Place    | Note
-------+----------+-------------------------------------------
     0 | D:1      | renl the Draconian Skald began the quest for the Orb.
     0 | D:1      | Reached XP level 1. HP: 17/17 MP: 3/3
   410 | D:1      | Reached XP level 2. HP: 24/24 MP: 5/5
   414 | D:1      | Learned a level 2 spell: Shroud of Golubria
   429 | D:1      | Reached skill level 3 in Charms
   442 | D:1      | Slain by a leopard gecko

Skill      XL: |  1  2 |
---------------+-------+-----
Charms         | 3 |  3.0
Fighting       | |  2.2
Maces & Flails | |  2.1
Dodging        | |  2.1
Spellcasting   | |  2.1

Action                   || total
-------------------------++-------
Melee: Mace              ||    41
       Tailslap          ||     2
 Cast: Infusion          ||     1
Armor: Skin              ||    11
Dodge: Dodged            ||    21
Block: Shield            ||     9
